 Dungeon Crawl Stone Soup version 0.24.0-123-gd5b16e6ec5 (webtiles) character file.

Game seed: 10280747009666334617, levelgen mode: deterministic

39 FluffierThanThou the Skirmisher (level 3, -1/29 HPs)
             Began as a Demonspawn Fighter on Jan 14, 2020.
             Slain by Sigmund
             ... wielding a +0 scythe
              (6 damage)
             ... on level 2 of the Dungeon.
             The game lasted 00:01:47 (817 turns).

FluffierThanThou the Skirmisher (Demonspawn Fighter) Turns: 817, Time: 00:01:48

Health: -1/29      AC:  6    Str: 22    XL:     3   Next: 26%
Magic:  3/3        EV:  7    Int:  9    God:
Gold:   64         SH:  9    Dex: 12    Spells: 2/2 levels left

rFire    . . .     SeeInvis .   a - +0 long sword
rCold    . . .     Gourm    .   c - +0 shield
rNeg     . . .     Faith    .   b - +0 scale mail
rPois    .         Spirit   .   (no helmet)
rElec    .         Reflect  .   (no cloak)
rCorr    .         Harm     .   (no gloves)
MR       .....                  (no boots)
Stlth    ..........             (no amulet)
HPRegen  0.09/turn              (no ring)
MPRegen  0.08/turn              (no ring)

@: mighty
A: claws 1, powered by pain 1
a: no special abilities


You were on level 2 of the Dungeon.
You were not hungry.

You visited 1 branch of the dungeon, and saw 2 of its levels.

You collected 64 gold pieces.

Inventory:

Hand Weapons
 a - a +0 long sword (weapon)
Armour
 b - a +0 scale mail (worn)
 c - a +0 shield (worn)
 h - a +0 cloak
   (You found it on level 1 of the Dungeon)
Scrolls
 g - 2 scrolls of enchant weapon {unknown}
 i - a scroll of fear {unknown}
 j - a scroll of fog {unknown}
Potions
 k - a potion of haste {unknown}
Comestibles
 e - 4 rations {!d}
 f - 5 chunks of flesh


   Skills:
 * Level 3.4 Fighting
 * Level 2.2 Long Blades
 + Level 2.8 Armour
 + Level 0.7 Dodging
 * Level 3.0 Shields


You had 2 spell levels left.
You didn't know any spells.
Your spell library was empty.

Dungeon Overview and Level Annotations

Branches:
Dungeon (2/15)

Altars:
Hepliaklqana
Trog

Annotations:
D:2 Sigmund


Innate Abilities, Weirdness & Mutations

You have sharp fingernails.
You sometimes gain a little power by taking damage.


Message History

You closely miss the rat. The rat barely misses you.
You completely miss the rat. You block the rat's attack.
Your shield and scale mail prevent you from hitting the rat.
The rat bites you but does no damage. x2
You closely miss the rat. The rat bites you.
You slash the rat!
You kill the rat!
No target in view!
No target in view!
You now have 54 gold pieces (gained 9).
Found a stone staircase leading up.
Found a stone staircase leading down.
e - 4 rations {!d} (gained 1)
There is a stone staircase leading down here.
You now have 64 gold pieces (gained 10).
Found a stone staircase leading up.
k - a smoky purple potion
There is a stone staircase leading up here.
Sigmund and a dart slug come into view.
Sigmund shouts!
You hear a shout!
You see here a scroll labeled UXTOIS VOELONA.
There is a stone staircase leading up here.
You feel very mighty all of a sudden. Sigmund hits you with a +0 scythe!
Your shield prevents you from hitting Sigmund.
Sigmund hits you with a +0 scythe.
You closely miss Sigmund. Sigmund hits you but does no damage.
Your shield prevents you from hitting Sigmund.
Sigmund points at you and mumbles some strange words.
The magic dart hits you.
You barely miss Sigmund. Sigmund completely misses you.
You slash Sigmund! Sigmund hits you with a +0 scythe.
You closely miss Sigmund.
Sigmund points at you and mumbles some strange words.
You are confused.
You barely miss Sigmund.
Sigmund casts a spell.
Sigmund flickers and vanishes!
Deactivating autopickup; reactivate with Ctrl-A.
You bump into the rock wall.
Something hits you!
* * * LOW HITPOINT WARNING * * *
You bump into the rock wall.
Something hits you but does no damage. The dart slug launches a dart at you.
The slug dart hits you.
* * * LOW HITPOINT WARNING * * *
You bump into the rock wall.
You're too confused to move!
You feel less confused. Something hits you.
You die...

##### ....## ##...##
##.....## ##)......##
####.........#
#w{@<........#
#.##.........######
#.###.............#
####@#........######.#
#....#.###...## #.#
#@####. ##### #.## #?#
# #... ........# ####
.....@...


You could see a dart slug.

Vanquished Creatures
  2 adders (D:2)
  4 giant cockroaches
  4 goblins
  A hobgoblin (D:1)
  A kobold (D:1)
  2 frilled lizards (D:1)
  7 rats
21 creatures vanquished.

Notes
Turn   | Place    | Note
-------+----------+-------------------------------------------
     0 | D:1      | FluffierThanThou the Demonspawn Fighter began the quest for
                  | the Orb.
     0 | D:1      | Reached XP level 1. HP: 18/18 MP: 1/1
   147 | D:1      | Gained mutation: You sometimes gain a little power by
                  | taking damage. [demonic ancestry]
   147 | D:1      | Reached XP level 2. HP: 24/24 MP: 2/2
   635 | D:2      | Found a bloodstained altar of Trog.
   665 | D:2      | Gained mutation: You have sharp fingernails. [demonic
                  | ancestry]
   665 | D:2      | Reached XP level 3. HP: 27/29 MP: 3/3
   705 | D:2      | Found a hazy altar of Hepliaklqana.
   794 | D:2      | Noticed Sigmund
   817 | D:2      | Slain by Sigmund

Levels and vault maps discovered:
D:1:      saegor_arrival_simple_e, layout_loops_ring
D:2:      layout_loops_ring, lemuel_crystal_altar, marbit_many_paths,
          first_ration, uniq_sigmund, uniq_jessica, uniq_robin

Skill      XL: |  1  2 |
---------------+-------+-----
Long Blades    | 2 |  2.2
Shields        | 3 |  3.0
Fighting       | |  3.4
Armour         | |  2.8
Dodging        | |  0.7

Action                   || total
-------------------------++-------
Melee: Long sword        ||    74
  Use: Potion            ||     1
Armor: Scale mail        ||    33
Dodge: Dodged            ||    18
Block: Shield            ||    27
       Rpst.: Long sword ||     4
